AoeStats
← SlowBoy

Arabia

503164644Analyzed
1v1 RM · 1mo ago on Aug 30, 2026· 35m 36s· 2 players
Game mode
Random Map
Map size
Tiny (2 player)
Population
200
Speed
Normal
Resources
Standard
Victory
Conquest
Starting age
Dark Age
Ending age
Imperial Age
RankedLock teamsTeams togetherTeam positionsShared explorationLock speedFull tech treeHidden civsTurbo modeCheats
Victory
Defeat
🇧🇷 Maya · Brazil
1648
+13
🇬🇧 Vietnamese · United Kingdom
1578
-13
GreggsSausage
7:04 Loom
9:23 Feudal Age
10:06 Double-Bit Axe
12:52 Horse Collar
14:19 Fletching
16:31 Padded Archer Armor
21:49 Castle Age
21:44 Gold Mining
22:15 Elite Skirmisher
22:17 Crossbowman
22:59 Bodkin Arrow
23:20 Leather Archer Armor
23:27 Thumb Ring
24:42 Bow Saw
26:01 Elite Skirmisher
30:53 Ballistics
32:40 Wheelbarrow
32:33 Heavy Plow
34:14 Hand Cart
SlowBoy
0:27 Loom
10:06 Feudal Age
10:43 Double-Bit Axe
14:03 Fletching
15:14 Wheelbarrow
15:23 Horse Collar
21:16 Castle Age
19:28 Padded Archer Armor
19:45 Gold Mining
19:44 Horse Collar
21:18 Crossbowman
21:54 Bodkin Arrow
22:09 Bow Saw
23:06 Heavy Plow
23:39 Town Watch
25:37 Leather Archer Armor
27:14 Ballistics
30:27 Thumb Ring
35:31 Imperial Age
34:04 Hand Cart
33:59 Elite Skirmisher
36:14 Bracer
Connection lost

Rejoining the realm…

Still unreachable

The connection could not be restored.

Session expired

The server has moved on; the page needs a fresh start.